 Dungeon Crawl Stone Soup version 0.22.0-27-ga576289601 (webtiles) character file.

152 Kniotic the Insei (level 5, -2/41 HPs)
             Began as a Demonspawn Monk on Aug 21, 2018.
             Killed by nerve-wracking pain
             ... invoked by an orc priest
              (10 damage)
             ... on level 3 of the Dungeon.
             The game lasted 00:05:30 (3771 turns).

Kniotic the Insei (Demonspawn Monk)                 Turns: 3771, Time: 00:05:30

Health: -2/41      AC:  4    Str: 13    XL:     5   Next: 11%
Magic:  0/5        EV: 13    Int: 11    God:
Gold:   97         SH:  0    Dex: 15    Spells: 4/4 levels left

rFire    . . .     SeeInvis .     - Unarmed
rCold    . . .     Gourm    .   (no shield)
rNeg     . . .     Faith    .   a - +0 robe
rPois    .         Spirit   +   (no helmet)
rElec    .         Reflect  .   (no cloak)
rCorr    .         Harm     .   (no gloves)
MR       +....                  (no boots)
Stlth    +++.......             (no amulet)
HPRegen  0.13/turn              l - ring of protection from magic
MPRegen  0.09/turn              m - ring of wizardry

@: no status effects
A: iridescent scales 1, nightstalker 1, magic shield
a: no special abilities


You were on level 3 of the Dungeon.
You were hungry.

You visited 1 branch of the dungeon, and saw 3 of its levels.

You collected 97 gold pieces.

Inventory:

Armour
 a - a +0 robe (worn)
Jewellery
 l - a ring of protection from magic (left hand)
 m - a ring of wizardry (right hand)
Scrolls
 c - 2 scrolls of fear
 e - a scroll of identify
 f - a scroll of enchant armour {unknown}
 g - a scroll of enchant weapon {unknown}
 h - 2 scrolls of remove curse {unknown}
 i - 2 scrolls of amnesia {unknown}
 j - a scroll of teleportation {unknown}
Potions
 k - a potion of brilliance
Comestibles
 b - 3 rations


   Skills:
 - Level 3.0 Fighting
 - Level 2.6 Dodging
 - Level 1.7 Stealth
 + Level 5.3 Unarmed Combat


You had 4 spell levels left.
You didn't know any spells.
Your spell library was empty.

Dungeon Overview and Level Annotations

Branches:
Dungeon (3/15)

Altars:


Innate Abilities, Weirdness & Mutations

You are partially covered in iridescent scales. (AC +2)
You are slightly more attuned to the shadows.
When hurt, damage is shared between your health and your magic reserves.


Message History

The orc priest hits you with a hand axe.
You hit the orc priest. Your punch misses the orc priest.
The orc priest is almost dead.
The orc priest invokes the aid of Beogh against you.
Beogh smites you!
* * * LOW HITPOINT WARNING * * *
You hit the orc priest but do no damage.
The orc priest is almost dead.
The orc priest hits you but does no damage.
You hit the orc priest but do no damage.
The orc priest is almost dead.
You hit the orc priest but do no damage.
You punch the orc priest, but do no damage.
The orc priest is almost dead.
The orc priest looks braver for a moment.
You closely miss the orc priest.
The orc priest is almost dead.
The orc priest calls down the wrath of Beogh upon you.
Pain shoots through your body!
You die...

#######
#<.@ol#
######o#
#.....)#
..l...)......
##.#....###..
.........
##...###..
#....# ...
#..!.# ....


You could see an orc priest, an orc and a frilled lizard.

Vanquished Creatures
  A bullfrog skeleton (D:3)
  3 gnolls (D:2)
  4 adders
  2 worms (D:2)
  2 dart slugs (D:1)
  2 orcs
  A giant cockroach (D:2)
  6 goblins
  4 hobgoblins
  4 jackals (D:1)
  A quokka (D:3)
  A ball python (D:1)
  6 bats
  7 frilled lizards
  3 kobolds (D:1)
  8 rats
55 creatures vanquished.

Notes
Turn   | Place    | Note
-------+----------+-------------------------------------------
     0 | D:1      | Kniotic the Demonspawn Monk began the quest for the Orb.
     0 | D:1      | Reached XP level 1. HP: 18/18 MP: 1/1
   138 | D:1      | Reached skill level 3 in Unarmed Combat
   676 | D:1      | Gained mutation: You are partially covered in iridescent scales. (AC +2) [demonic ancestry]
   676 | D:1      | Reached XP level 2. HP: 21/24 MP: 2/2
  1128 | D:1      | Gained mutation: When hurt, damage is shared between your health and your magic reserves. [demonic ancestry]
  1128 | D:1      | Reached XP level 3. HP: 27/29 MP: 3/3
  1501 | D:2      | Reached skill level 4 in Unarmed Combat
  2576 | D:2      | Reached XP level 4. HP: 23/35 MP: 2/4
  3317 | D:3      | Reached skill level 5 in Unarmed Combat
  3453 | D:3      | Gained mutation: You are slightly more attuned to the shadows. [demonic ancestry]
  3453 | D:3      | Reached XP level 5. HP: 19/41 MP: 1/5
  3771 | D:3      | Killed from afar by an orc priest

Skill      XL: |  1  2  3  4 |
---------------+-------------+-----
Unarmed Combat | 3 4 5 |  5.3
Fighting       | |  3.0
Dodging        | |  2.6
Stealth        | |  1.7

Action                   |  1- 3 |  4- 6 || total
-------------------------+-------+-------++-------
Melee: Unarmed           |   199 |    88 ||   287
       Punch             |     6 |     4 ||    10
  Use: Scroll            |       |     3 ||     3
       Potion            |       |     1 ||     1
 Stab: Sleeping          |     4 |       ||     4
       Distracted        |       |     1 ||     1
  Eat: Chunk             |     2 |     3 ||     5
       Ration            |     1 |       ||     1
Armor: Robe              |    39 |    14 ||    53
Dodge: Dodged            |   119 |    54 ||   173
